 Dungeon Crawl Stone Soup version 0.31.0-1-g2c135a008e (webtiles) character file.

Game seed: 5968874176068086970

1804 qw the Shooter (level 9, -1/65 HPs)
             Began as a Djinni Hunter on Jan 23, 2024.
             Was a Follower of Okawaru.
             Slain by a gnoll sergeant
             ... wielding a +4 spear of distortion
              (5 damage)
             ... on level 6 of the Dungeon.
             The game lasted 00:00:25 (5729 turns).

qw the Shooter (Djinni Hunter)                      Turns: 5729, Time: 00:00:25

Health: -1/65      AC:  7    Str: 10    XL:     9   Next: 31%
Gold:   314        EV: 12    Int: 11    God:    Okawaru [*.....] SH:  0 Dex: 21

rFire   + + .        a - +1 shortbow (heavy)
rCold   x . .        (shield currently unavailable)
rNeg    . . .        e - +0 ring mail
rPois   inf          (helmet restricted)
rElec   .            (no cloak)
rCorr   .            g - +0 pair of gloves
SInv    .            (boots unavailable)
Will    .....        i - amulet of the acrobat
Stlth   +            (no ring)
HPRegen 0.30/turn    (no ring)
MPRegen 0.00/turn

%: acrobat, infuse magic (-2 HP)
@: flying
A: sickness immunity, fire resistance 2, cold vulnerability 1, float, innate
caster, HP casting, extra vitality 1, beak
a: Renounce Religion, Heroism


You were on level 6 of the Dungeon.
You worshipped Okawaru.
Okawaru was aware of your devotion.
You visited 1 branch of the dungeon, and saw 7 of its levels.

You collected 314 gold pieces.


Innate Abilities, Weirdness & Mutations

You are immune to sickness and miasma.
You are immune to poison.
Your flesh is very heat resistant. (rF++)
You are vulnerable to cold. (rC-)
You float through the air rather than walking.
You learn spells naturally, not from books.
Your magical power is your life essence.
You have superior vitality. (+4 MHP)
You have a beak for a mouth.


   Skills:
 - Level 5.0 Fighting
 + Level 7.6 Ranged Weapons
 - Level 4.2 Armour
 - Level 4.0 Dodging
 - Level 0.7 Stealth
 + Level 3.4 Invocations


You knew the following spells:

 Your Spells              Type           Power      Damage    Failure   Level
a - Foxfire               Conj/Fire      0%         2x1d4     63%         1
b - Searing Ray           Conj           0%         2d4       77%         2
c - Sigil of Binding      Hex            0%         N/A       94%         3
d - Vhi's Electric Charg  Tloc/Air       0%         N/A       100%        4
Your spell library was empty.

Inventory:

Hand Weapons
 a - a +1 heavy shortbow (weapon)
Armour
 e - a +0 ring mail (worn)
 g - a +0 pair of gloves (worn)
Jewellery
 i - an amulet of the acrobat (around neck)
Potions
 c - 2 potions of might
 f - 3 potions of curing

Dungeon Overview and Level Annotations

Branches:
Dungeon (7/15)
 Temple: D:4-7

Altars:
Elyvilon
Hepliaklqana
Okawaru
Ru
Uskayaw
Xom
The Shining One

Shops:
D:5 :


Message History

It is a scroll of enchant weapon.
5670 ||| ENCHANTING +0 heavy shortbow.
Your +0 heavy shortbow glows red for a moment.
Done exploring.
5671 ||| DROPPING potion of lignification.
You drop a potion of lignification.
Done exploring.
5672 ||| DROPPING potion of brilliance.
You drop a potion of brilliance.
Done exploring.
What level of the Dungeon? (default 6, ? - help)
There is a stone staircase leading down here.
You fly downwards.
The gnoll sergeant shouts!
The gnoll shouts! x3
Found an escape hatch in the ceiling.
There is a stone staircase leading up here.
There are monsters nearby!
Waypoint 6 assigned to D:7.
5724 ||| STAIRDANCE The gnoll barely misses you.
The gnoll misses you.
The gnoll sergeant hits you with a +4 spear of distortion.
Space warps horribly around you!!
You fly upwards.
There is a stone staircase leading down here.
You shoot an arrow. The arrow hits the gnoll sergeant.
The gnoll sergeant is lightly wounded.
The gnoll sergeant hits you with a +4 spear of distortion.
Space warps horribly around you! The gnoll hits you with a +0 whip.
You shoot an arrow.
The arrow barely misses the gnoll sergeant.
The gnoll sergeant misses you. The gnoll hits you but does no damage.
The gnoll hits you with a +0 whip. The gnoll sergeant closely misses you.
You shoot an arrow.
The arrow hits the gnoll sergeant but does no damage.
The gnoll sergeant is lightly wounded.
The gnoll hits you but does no damage.
The gnoll sergeant hits you but does no damage.
Space warps horribly around you!
You shoot an arrow. The arrow hits the gnoll sergeant!
The gnoll sergeant is severely wounded.
The gnoll sergeant hits you with a +4 spear of distortion.
You die...

.....#.####.# #.# .....#....#.#
## #.# ._...#..#.#.# .~ #######.#
.....#..#.#.# #####~###.......#
.....#..#.#.# #..##.#..!#####.#
.....#..#.#.# #..##~#...# ###
#.####.##.#.###..##.#...#
..........#...#..##~#####
.....[.........g@##~.b
#...#.......#..g.#####
#######.##.....#'###
......#.#<.......#.############
......#.#........#............###
......#..:.......##..............
......#..........##.#......####.#
......#........#..#.........###.#
......#........#......#####......


You could see a gnoll sergeant and a gnoll.

Vanquished Creatures
  Grinder (D:3)
  An ice beast (D:5)
  A sky beast (D:5)
  2 ogres
  A centaur (D:5)
  2 phantoms
  A bullfrog (D:4)
  2 scorpions
  2 jellies (D:6)
  2 hounds
  2 bombardier beetles (D:6)
  A gnoll bouda (D:6)
  2 orc priests
  A sleepcap (D:4)
  4 iguanas
  4 orc wizards
  9 gnolls
  10 adders
  2 white imps
  2 ufetubi (D:6)
  A ribbon worm (D:2)
  4 dart slugs
  17 orcs
  10 ball pythons
  5 bats
  6 endoplasms
  A giant cockroach (D:1)
  12 goblins
  6 hobgoblins
  5 jackals
  2 quokkas
  7 frilled lizards
  4 kobolds
  2 rats (D:3)
134 creatures vanquished.

Notes
Turn   | Place    | Note
-------+----------+-------------------------------------------
     0 | D:1      | qw the Djinni Hunter began the quest for the Orb.
     0 | D:1      | Reached XP level 1. HP: 18/18 MP: 0/0
     0 | D:1      | 0 ||| qw: Version: 0.3-a-132-g3d54051
     0 | D:1      | 0 ||| qw: Game counter: 613
     0 | D:1      | 0 ||| qw: Melee chars always use a shield: true
     0 | D:1      | 0 ||| qw: God list: Okawaru
     0 | D:1      | 0 ||| qw: Allow faded altars: false
     0 | D:1      | 0 ||| qw: Do Orc after clearing Dungeon:15 true
     0 | D:1      | 0 ||| qw: Do second Lair branch before Depths: true
     0 | D:1      | 0 ||| qw: Lair rune preference: random
     0 | D:1      | 0 ||| qw: Goals: Normal
     0 | D:1      | 0 ||| PLANNING D:1-11
    85 | D:1      | Reached XP level 2. HP: 23/23 MP: 0/0
   344 | D:1      | Reached skill level 4 in Ranged Weapons
   344 | D:1      | Reached XP level 3. HP: 28/28 MP: 0/0
   344 | D:1      | Learned a level 1 spell: Foxfire
   584 | D:1      | 584 ||| READING scroll labelled ZEGUGO OSIBIC.
   589 | D:1      | 589 ||| READING scroll labelled GUUZOXKUEX.
   589 | D:1      | 589 ||| BRANDING +0 shortbow.
   590 | D:1      | 590 ||| DROPPING scroll of butterflies.
   818 | D:2      | Found a glowing golden altar of the Shining One.
   894 | D:2      | Reached skill level 3 in Fighting
   894 | D:2      | Reached XP level 4. HP: 35/35 MP: 0/0
   905 | D:2      | 905 ||| FLEEEEING.
  1286 | D:2      | 1286 ||| UPGRADING to +0 ring mail.
  1296 | D:2      | 1296 ||| DROPPING +0 leather armour.
  1297 | D:2      | 1297 ||| UPGRADING to +0 pair of gloves.
  1302 | D:2      | 1302 ||| UPGRADING to amulet of the acrobat.
  1307 | D:2      | 1307 ||| READING 2 scrolls labelled MELUOBR FOPHIKUH.
  1307 | D:2      | 1307 ||| IDENTIFYING inky potion
  1308 | D:2      | 1308 ||| READING scroll of identify.
  1308 | D:2      | 1308 ||| IDENTIFYING viscous black potion
  1360 | D:3      | Noticed Grinder
  1360 | D:3      | Paralysed by Grinder for 4 turns
  1373 | D:3      | 1373 ||| FLEEEEING.
  1377 | D:3      | Killed Grinder
  1378 | D:3      | Reached XP level 5. HP: 30/40 MP: 0/0
  1378 | D:3      | Learned a level 2 spell: Searing Ray
  1378 | D:3      | Reached XP level 6. HP: 34/46 MP: 0/0
  1381 | D:3      | 1381 ||| STAIRDANCE
  1550 | D:3      | Found a hide-covered altar of Uskayaw.
  2070 | D:3      | 2070 ||| READING scroll labelled ZOX FABYNWU.
  2071 | D:3      | 2071 ||| DRINKING 2 golden potions.
  2135 | D:4      | 2135 ||| FLEEEEING.
  2231 | D:4      | Found a sacrificial altar of Ru.
  2304 | D:4      | 2304 ||| FLEEEEING.
  2306 | D:4      | 2306 ||| FLEEEEING.
  2307 | D:4      | 2307 ||| FLEEEEING.
  2310 | D:4      | 2310 ||| FLEEEEING.
  2313 | D:4      | 2313 ||| FLEEEEING.
  2314 | D:4      | 2314 ||| FLEEEEING.
  2315 | D:4      | 2315 ||| FLEEEEING.
  2331 | D:4      | Reached XP level 7. HP: 32/50 MP: 0/0
  2331 | D:4      | Learned a level 3 spell: Sigil of Binding
  2500 | D:4      | HP: 2/50 [ogre/+0 giant club (29)]
  2501 | D:4      | 2501 ||| READING scroll of teleportation.
  2502 | D:4      | 2502 ||| DRINKING potion of heal wounds.
  2505 | D:4      | Reached skill level 5 in Ranged Weapons
  2604 | D:4      | Reached skill level 3 in Dodging
  3389 | D:4      | 3389 ||| READING scroll labelled QEIHUV JYTYXTAESS.
  3390 | D:4      | 3390 ||| READING scroll labelled PUDUID ITUPOMO.
  3420 | D:5      | Entered Level 5 of the Dungeon
  3475 | D:5      | HP: 13/52 [centaur/arrow (6)]
  3477 | D:5      | Reached XP level 8. HP: 15/58 MP: 0/0
  3477 | D:5      | 3477 ||| FLEEEEING.
  3643 | D:5      | Found a hazy altar of Hepliaklqana.
  3643 | D:5      | Found an iron altar of Okawaru.
  3644 | D:5      | 3644 ||| PLANNING OKAWARU WORSHIP
  3647 | D:5      | 3647 ||| READING scroll labelled KYRPHE BIDWEIWE.
  3648 | D:5      | 3648 ||| FLEEEEING.
  3653 | D:5      | 3653 ||| STAIRDANCE
  3759 | D:5      | Became a worshipper of Warmaster Okawaru
  3760 | D:5      | 3760 ||| PLANNING D:1-11
  3775 | D:5      | Found Dunaip's Vocational Training.
  3780 | D:5      | Reached skill level 6 in Ranged Weapons
  3788 | D:5      | 3788 ||| FLEEEEING.
  3891 | D:5      | 3891 ||| FLEEEEING.
  4146 | D:5      | 4146 ||| FLEEEEING.
  4243 | D:5      | 4243 ||| UPGRADING to +0 helmet.
  4248 | D:5      | 4248 ||| READING scroll labelled IZEUGI XAON.
  4258 | D:6      | 4258 ||| STAIRDANCE
  4347 | D:6      | 4347 ||| STAIRDANCE
  4356 | D:5      | Reached skill level 7 in Ranged Weapons
  4356 | D:5      | 4356 ||| FLEEEEING.
  4476 | D:6      | Reached * piety under Okawaru
  4477 | D:6      | 4477 ||| STAIRDANCE
  4479 | D:5      | 4479 ||| FLEEEEING.
  4622 | D:6      | Found a white marble altar of Elyvilon.
  4650 | D:6      | 4650 ||| RETREEEEATING.
  4654 | D:6      | Reached skill level 1 in Invocations
  4654 | D:6      | Reached XP level 9. HP: 63/63 MP: 0/0
  4654 | D:6      | Learned a level 4 spell: Vhi's Electric Charge
  4671 | D:6      | HP: 13/65 [white imp/puff of frost (19)]
  4672 | D:6      | 4672 ||| DRINKING potion of heal wounds.
  4675 | D:6      | 4675 ||| FLEEEEING.
  4710 | D:6      | 4710 ||| FLEEEEING.
  4954 | D:6      | Found a shimmering altar of Xom.
  4958 | D:6      | Reached skill level 3 in Invocations
  5663 | D:6      | 5663 ||| DROPPING ring of wizardry.
  5664 | D:6      | 5664 ||| READING 3 scrolls of identify.
  5664 | D:6      | 5664 ||| IDENTIFYING murky sapphire potion
  5665 | D:6      | 5665 ||| READING 2 scrolls of identify.
  5665 | D:6      | 5665 ||| IDENTIFYING fizzy orange potion
  5666 | D:6      | 5666 ||| READING scroll of identify.
  5666 | D:6      | 5666 ||| IDENTIFYING white potion
  5667 | D:6      | 5667 ||| DRINKING potion of mutation.
  5667 | D:6      | Gained mutation: You have a beak for a mouth. [potion of
                  | mutation]
  5668 | D:6      | 5668 ||| DROPPING +0 helmet.
  5669 | D:6      | 5669 ||| READING scroll labelled MIM MYUPTI.
  5670 | D:6      | 5670 ||| READING scroll labelled DAHANO ROIRCH.
  5670 | D:6      | 5670 ||| ENCHANTING +0 heavy shortbow.
  5671 | D:6      | 5671 ||| DROPPING potion of lignification.
  5672 | D:6      | 5672 ||| DROPPING potion of brilliance.
  5724 | D:7      | 5724 ||| STAIRDANCE
  5728 | D:6      | HP: 3/65 [gnoll sergeant/+4 spear of distortion (16)]
  5729 | D:6      | Slain by a gnoll sergeant

Levels and vault maps discovered:
D:1:      dpeg_arrival_more_subterranean_lakeside_camping, layout_basic,
          feat_on_display
D:2:      layout_loops_ring, basic_altar
D:3:      layout_basic, lemuel_round_altar, uniq_grinder
D:4:      layout_basic, mainiacjoe_overflow_catwalk, nicolae_half_adder
D:5:      layout_basic, mainiacjoe_overflow_divided_tiny,
          nicolae_shop_vocational
D:6:      layout_basic, lemuel_tele_altar, overflow_temple_1_default,
          serial_aquarium, aquarium_bridge_square [aquarium_subvault_wall,
          aquarium_subvault_bridge, aquarium_subvault_wall,
          aquarium_subvault_wall], aquarium_window_fake, aquarium_window_1,
          aquarium_window_fake, aquarium_window_3, aquarium_view_2b,
          aquarium_view_2e, aquarium_balcony_3a, minivault_19
D:7:      gammafunk_corrupted_shrine, layout_loops_corners,
          minmay_temple_entry_trees, serial_shops, nicolae_shop_peninsula,
          grunt_ministairs_10

Skill      XL: |  1  2  3  4  5  6  7  8  9 |
---------------+----------------------------+-----
Ranged Weapons | 4 5 7 |  7.6
Fighting       | 3 4 5 |  5.0
Armour         | 4 |  4.2
Dodging        | 3 4 |  4.0
Invocations    | 1 3 |  3.4
Stealth        | |  0.7

Action                     |  1- 3 |  4- 6 |  7- 9 || total
---------------------------+-------+-------+-------++-------
   Fire: Shortbow          |    80 |    88 |   227 ||   395
    Use: Scroll            |     2 |     3 |    10 ||    15
         Potion            |       |     1 |     3 ||     4
 Armour: Leather armour    |    22 |     5 |       ||    27
         Ring mail         |       |    39 |   138 ||   177
  Dodge: Dodged            |    19 |    43 |   127 ||   189

Table legend:
 A = Non-vault XP
 B = Vault XP
 C = Vault XP percentage of total XP
 D = Non-vault monster count
 E = Vault monster count
 F = Vault count percentage of total count
                 A         B        C        D         E       F
            +---------+---------+-------+---------+---------+-------
      Total |    2246 |     332 |  12.9 |     129 |       5 |   3.7
            +---------+---------+-------+---------+---------+-------
        D:1 |      47 |       0 |   0.0 |      24 |       0 |   0.0
        D:2 |      61 |       0 |   0.0 |      19 |       0 |   0.0
        D:3 |      25 |     277 |  91.7 |      16 |       1 |   5.9
        D:4 |     477 |      55 |  10.3 |      24 |       4 |  14.3
        D:5 |     856 |       0 |   0.0 |      22 |       0 |   0.0
        D:6 |     780 |       0 |   0.0 |      24 |       0 |   0.0
            +---------+---------+-------+---------+---------+-------
